Map: Abyssal Reef LE

Players

SONKSquall - Winner!

  • Race: Terran Terran
  • Spawn Location: 5:00

WeAreLegion

  • Race: Terran Terran
  • League: Silver
  • Spawn Location: 11:00

VOD

Have the link to the VOD?

Description

Time

  • Played on: Dec. 12, 2024, 10:31 p.m.
  • Length: 15:34
Show
View Real Time Build Order
Export as new Build Order

SONKSquall Terran - Winner!

Build Orders:  

Get SALT Encoding   

  12  0:01  SCV  
  13  0:13  SCV  
  14  0:21  Supply Depot  
  14  0:30  SCV  
  15  0:44  Barracks  
  15  0:56  SCV  
  16  1:08  SCV  
  17  1:22  SCV  
  18  1:29  Command Center  
  18  1:31  Marine  
  19  1:58  Marine  
  20  2:03  Orbital Command  
  20  2:07  Refinery, Barracks  
  20  2:16  Marine  
  21  2:33  SCV  
  21  2:34  Marine  
  22  2:46  Orbital Command, SCV  
  23  2:52  Marine  
  23  2:56  Barracks Tech Lab  
  24  3:00  SCV  
  25  3:09  Marine, Barracks  
  25  3:12  SCV  
  27  3:17  Marauder  
  29  3:24  SCV, Refinery  
  29  3:26  SCV  
  31  3:27  Marine  
  32  3:36  SCV  
  32  3:39  Marauder  
  36  3:48  Barracks Reactor  
  36  3:51  SCV  
  36  3:52  SCV  
  37  4:01  Engineering Bay, Barracks Reactor  
  37  4:04  SCV  
  38  4:10  Supply Depot  
  38  4:15  Stimpack  
  38  4:31  Marine x2  
  38  4:32  SCV x2, Marauder  
  38  4:33  Supply Depot  
  38  4:37  Marine x2  
  46  4:42  Factory  
  46  4:54  Marine  
  46  4:55  SCV  
  46  4:56  Supply Depot  
  46  4:58  Marine x3  
  46  4:59  Marine  
  52  5:17  Command Center  
  52  5:19  Supply Depot  
  52  5:28  Starport  
  52  5:29  Factory Tech Lab  
  52  5:35  SCV  
  52  5:36  SCV  
  54  5:48  SCV x2  
  50  5:54  Marine x5  
  47  5:58  Siege Tank  
  50  6:08  Starport Reactor  
  50  6:11  Terran Infantry Weapons Level 1, Marine  
  50  6:12  Marine x3  
  54  6:30  Siege Tank  
  54  6:32  SCV x3  
  60  6:37  Sensor Tower  
  59  6:44  SCV x3  
  54  7:10  Medivac x2  
  58  7:16  SCV  
  58  7:17  SCV x2  
  58  7:21  Missile Turret  
  61  7:28  SCV  
  61  7:29  SCV  
  63  7:30  Marine x4  
  63  7:31  Marine  
  63  7:36  Combat Shield  
  68  7:39  Barracks  
  68  7:44  Missile Turret  
  68  7:46  Factory  
  68  7:48  Marine x4  
  68  7:50  Refinery  
  72  8:04  Marine  
  73  8:05  Marine  
  73  8:06  Marine x2  
  73  8:07  Viking  
  78  8:14  Missile Turret  
  78  8:15  Marine  
  79  8:21  Marine  
  79  8:23  Marine  
  79  8:24  Marine x2  
  83  8:30  Command Center  
  83  8:33  Command Center  
  83  8:43  Marine  
  83  8:44  Marine  
  83  8:45  Barracks Reactor  
  85  8:55  Supply Depot  
  85  8:56  Supply Depot  
  82  9:17  Supply Depot  
  82  9:34  Marine x5  
  82  9:35  Marine x2  
  89  9:41  Liberator x2  
  95  9:47  SCV x3  
  95  9:52  Marine x4  
  102  9:59  SCV x2  
  104  10:03  Marine x3  
  107  10:09  Marine  
  108  10:27  Marine x4  
  108  10:28  Marine x3  
  115  10:30  SCV  
  115  10:31  SCV x3  
  119  10:43  SCV x3  
  119  10:45  Marine x2  
  124  11:07  Marine  
  121  11:19  Marine  
  121  11:20  Marine x5  
  121  11:25  Marine  
  128  11:27  Siege Tank  
  128  11:29  Viking x2  
  135  11:37  Marine x2  
  135  11:38  Marine x2, Starport  
  139  11:51  Supply Depot  
  139  11:56  Terran Infantry Armor Level 1  
  139  11:58  Armory  
  139  12:03  Supply Depot  
  139  12:12  SCV x3, Marine x2, Siege Tank  
  147  12:17  Marine  
  147  12:19  SCV, Marine x4  
  147  12:21  SCV, Viking  
  146  12:23  Viking  
  141  12:33  SCV  
  130  12:44  Siege Tank  
  126  12:59  Marine x6  
  126  13:00  Marine  
  126  13:04  Starport Reactor  
  133  13:16  Siege Tank  
  133  13:17  Marine x5  
  119  13:41  Marine x2  
  119  13:42  Marine  
  119  13:44  Marine x4  
  126  13:48  Siege Tank  
  129  14:09  Marine x6  
  134  14:10  Marine  
  136  14:26  Marine  
  136  14:27  Marine x2  
  136  14:30  Viking x2  
  143  14:33  Marine x3  
  143  14:34  Marine  
  147  14:44  Marine x2  
  147  14:45  Marine  
  150  14:51  Marine x2  
  152  14:53  Viking  
  152  14:57  Command Center  
  154  15:03  Viking  
  154  15:07  Command Center  
  154  15:16  Marine  
Show
View Real Time Build Order
Export as new Build Order

WeAreLegion Terran 

Build Orders:  

Get SALT Encoding   

  12  0:00  SCV  
  13  0:12  SCV  
  14  0:17  Supply Depot  
  14  0:25  SCV  
  15  0:41  Barracks  
  15  0:42  SCV  
  16  0:46  Refinery  
  16  0:54  SCV  
  17  1:06  SCV  
  18  1:18  SCV  
  19  1:21  Refinery  
  19  1:30  Orbital Command  
  19  1:31  Reaper  
  20  2:00  Factory  
  20  2:03  SCV  
  21  2:08  Reaper  
  22  2:17  SCV  
  23  2:25  Supply Depot  
  23  2:31  Command Center  
  23  2:47  SCV, Barracks Reactor  
  24  2:51  Starport  
  24  2:53  Hellion  
  26  2:59  SCV  
  27  3:11  SCV  
  28  3:19  Barracks  
  28  3:27  Marine x2  
  28  3:31  Starport Tech Lab  
  30  3:34  Factory Tech Lab  
  30  3:44  SCV  
  30  3:45  Marine x2  
  30  3:46  Orbital Command  
  33  3:52  Banshee  
  33  3:54  Siege Tank  
  39  3:56  SCV  
  40  4:03  Marine x2  
  40  4:08  SCV  
  43  4:10  Barracks Tech Lab  
  43  4:16  Barracks  
  43  4:20  SCV, Marine  
  43  4:21  Engineering Bay  
  45  4:24  SCV  
  46  4:42  Supply Depot  
  46  4:44  Supply Depot  
  46  5:02  Cloaking Field  
  46  5:04  SCV, Marine x2, Siege Tank  
  46  5:06  SCV  
  55  5:08  Banshee  
  55  5:11  Barracks Reactor  
  56  5:16  SCV  
  56  5:18  SCV  
  58  5:22  Stimpack  
  58  5:30  Barracks  
  58  5:33  Barracks  
  58  5:36  Refinery  
  58  5:39  Refinery  
  55  5:59  SCV x2  
  57  6:07  Marine x2  
  57  6:08  Marauder  
  61  6:11  SCV  
  61  6:16  Supply Depot, SCV, Siege Tank  
  66  6:18  Supply Depot  
  66  6:21  Barracks Tech Lab  
  66  6:22  Barracks Reactor  
  66  6:23  SCV  
  67  6:28  SCV  
  67  6:29  Marauder  
  70  6:37  Marine x4  
  70  6:38  SCV  
  70  6:39  Supply Depot  
  75  6:40  SCV  
  75  6:41  Supply Depot  
  75  6:42  Marine  
  77  6:50  SCV, Marine  
  77  6:53  SCV  
  77  6:55  Marine x4  
  81  7:02  SCV  
  81  7:05  SCV  
  80  7:08  Supply Depot x2  
  80  7:14  SCV  
  81  7:17  SCV  
  82  7:24  Command Center  
  82  7:25  Terran Infantry Weapons Level 1  
  82  7:28  Raven, Interference Matrix  
  85  7:33  Supply Depot x2, Marine  
  85  7:34  Marine x3  
  85  7:35  Marauder x2  
  94  7:39  Marine x2  
  94  7:51  Marine  
  94  7:56  Marauder x2  
  98  8:17  Marauder  
  99  8:21  SCV x2  
  99  8:23  Marine x2  
  103  8:33  SCV  
  104  8:37  Missile Turret  
  104  8:40  Missile Turret  
  104  8:41  Missile Turret  
  104  8:43  Missile Turret  
  104  8:57  Supply Depot  
  104  8:58  Supply Depot  
  104  9:02  SCV x2  
  106  9:03  Marine x4  
  106  9:04  Marauder x2  
  106  9:05  Siege Tank  
  109  9:14  SCV x2  
  111  9:20  Terran Infantry Armor Level 1  
  111  9:25  Supply Depot, Marine x2, Marauder  
  111  9:26  SCV, Marine x2, Marauder  
  111  9:27  Supply Depot  
  119  9:37  Siege Tank, Marine x2  
  124  9:40  Raven  
  124  9:43  Marine x2  
  124  9:45  Starport  
  128  9:47  Marauder x2  
  128  9:51  Ghost Academy  
  131  9:55  Factory  
  131  9:58  Fusion Core  
  131  10:05  Supply Depot  
  131  10:07  Marine x2  
  131  10:08  Marauder x2  
  131  10:09  Siege Tank  
  140  10:16  Missile Turret  
  140  10:18  Missile Turret  
  140  10:27  Supply Depot  
  140  10:30  Marauder x2  
  143  10:36  SCV  
  143  10:37  SCV x2  
  143  10:41  Siege Tank  
  149  10:49  SCV x2  
  152  10:51  Marauder x2  
  152  11:01  SCV  
  144  11:12  Marauder x2  
  144  11:13  Siege Tank  
  151  11:20  Marine x2  
  151  11:22  Starport Reactor  
  153  11:31  SCV x2  
  155  11:35  Marine x3  
  155  11:36  Marauder x2  
  162  11:43  SCV  
  162  11:45  Command Center  
  163  11:47  Marine x3  
  163  11:50  Factory Tech Lab  
  163  11:52  Marine  
  163  11:53  Command Center  
  167  11:57  Marauder x2  
  167  12:00  Supply Depot  
  171  12:03  Marine x2  
  171  12:05  Marine x2  
  171  12:07  Command Center  
  175  12:19  Marauder x2  
  155  12:40  Marauder x2  
  143  12:49  Marine x4  
  143  12:50  Marine  
  91  12:52  Siege Tank x2  
  91  12:53  Viking  
  90  13:01  Marauder x2  
  94  13:14  Planetary Fortress  
  94  13:16  Marine x3  
  94  13:17  Marine x3  
  100  13:23  Marauder x2  
  100  13:24  Siege Tank  
  91  13:34  Marine, Missile Turret x2  
  75  13:43  Missile Turret  
  75  13:44  Marauder x2  
  48  14:24  Marine x2  
  48  14:25  Marine x3, Marauder  
  48  14:26  Marine, Marauder  
  48  14:30  SCV  
  59  14:38  SCV  
  60  14:43  SCV  
  61  14:47  Marauder x2  
  61  14:50  SCV  
  66  14:55  SCV  
  53  15:08  Missile Turret, Marauder x2  
  53  15:11  Marine x4  
  53  15:12  Marine  
  53  15:13  SCV  
  53  15:14  Missile Turret  
Tags
 
League
Silver
Matchup
TvT
Race
Terran
Replay Pack
December
Spawn Locations
Cross Positions
Add a new tag
Caveats
  • Supply blocks, unpowered buildings, or Contaminate may cause inaccurate times.
  • Supply counts are checked every 10 seconds.